 Dungeon Crawl Stone Soup version 0.32-a0-599-gba8f9cf90e (webtiles) character file.

Game seed: 1301456178831067233

330746 Kenran the Slayer (level 20, -12/185 HPs)
             Began as a Minotaur Hedge Wizard on Mar 3, 2024.
             Was the Champion of Hepliaklqana.
             Killed from afar by Tiorun the Hellbinder (53 damage)
             ... with damnation
             ... in a wizard's laboratory.
             The game lasted 01:14:28 (40573 turns).

Kenran the Slayer (Minotaur Hedge Wizard)          Turns: 40573, Time: 01:14:29

Health: -12/185    AC: 42    Str: 29    XL:     20   Next: 85%
Magic:  28/28      EV: 34    Int: 11    God:    Hepliaklqana [******]
Gold:   1708       SH: 11    Dex: 18    Spells: 22/23 levels left

rFire   + . .        a - +9 demon trident (drain)
rCold   + . .        l - +2 buckler
rNeg    . . .        M - +9 plate armour of Wrong Decisions {rF+ Dex+3}
rPois   +            p - +0 hat of Neavicwu {Rampage rC+ Str+4 Stlth-}
rElec   .            i - +0 cloak
rCorr   .            D - +2 pair of gloves {Dex+3}
SInv    .            Q - +0 pair of boots
Will    +....        F - amulet of the acrobat Stlth
                     k - +5 ring of evasion
HPRegen 0.50/turn    V - ring "Fyruh" {rPois AC+4 Str+3}
MPRegen 0.21/turn

%: acrobat, rampage
@: about to teleport, acrobatic
A: reduced essence, horns 2, retaliatory headbutt
}: 2/15 runes: serpentine, barnacled
a: Renounce Religion, Recall Ancestor, Ancestor Identity, Transference, Idealise


You were in a wizard's laboratory.
You worshipped Hepliaklqana.
Hepliaklqana was exalted by your worship.
You visited 7 branches of the dungeon, and saw 35 of its levels.
You visited the Abyss 1 time.
You also visited: Sewer, Bailey and Wizlab.

You collected 3549 gold pieces.
You spent 1841 gold pieces at shops.

Inventory:

Hand Weapons
 a - a +9 demon trident of draining (weapon)
 y - a +2 demon trident of venom
 W - a +4 demon trident of electrocution
Missiles
 b - 6 throwing nets
Armour
 i - a +0 cloak (worn)
 l - a +2 buckler (worn)
 p - the +0 hat of Neavicwu (worn) {Rampage rC+ Str+4 Stlth-}
   (You acquired it on level 11 of the Dungeon)

   Str+4:     It affects your strength (+4).
   rC+:       It protects you from cold.
   Rampage:   It bestows one free step when moving towards enemies.
   Stlth-:    It makes you less stealthy.
 C - a +0 tower shield of reflection
 D - a +2 pair of gloves of dexterity (worn)
 M - the +9 plate armour of Wrong Decisions (worn) {rF+ Dex+3}
   (You acquired it on level 3 of the Lair of Beasts)

   Dex+3:     It affects your dexterity (+3).
   rF+:       It protects you from fire.
 Q - a +0 pair of boots (worn)
Jewellery
 k - a +5 ring of evasion (left hand)
 r - a ring of flight
 F - an amulet of the acrobat (around neck)
 S - a ring of ice
 V - the ring "Fyruh" (right hand) {rPois AC+4 Str+3}
   (You took it off a naga sharpshooter on level 4 of the Snake Pit)

   [ring of protection]

   AC+4:      It affects your AC (+4).
   Str+3:     It affects your strength (+3).
   rPois:     It protects you from poison.
 X - a ring of protection from fire
Wands
 h - a wand of charming (25)
 v - a wand of polymorph (4)
 w - a wand of flame (55)
 A - a wand of warping (33)
 H - a wand of digging (6)
 T - a wand of light (4)
Scrolls
 e - 12 scrolls of teleportation
 f - 2 scrolls of immolation {!r}
 j - 8 scrolls of fog
 m - a scroll of fear
 q - 2 scrolls of blinking
 t - a scroll of revelation
 u - 2 scrolls of silence
 x - 7 scrolls of vulnerability {!r}
 B - 6 scrolls of poison {!r}
 G - 17 scrolls of identify {@r1}
 J - 2 scrolls of enchant armour
 O - a scroll of enchant weapon
 R - 2 scrolls of butterflies
Potions
 c - 4 potions of mutation {!q}
 d - 2 potions of magic
 g - 5 potions of might
 n - 3 potions of enlightenment
 o - 14 potions of curing {@q1}
 s - 2 potions of ambrosia
 z - 7 potions of heal wounds {@q2}
 E - 2 potions of haste
 I - 2 potions of resistance
 K - 2 potions of berserk rage {!q}
 L - 2 potions of lignification {!q}
 N - a potion of attraction {!q}
 U - 2 potions of brilliance
Miscellaneous
 P - a phantom mirror


   Skills:
 - Level 24.0 Fighting
 - Level 16.0 Polearms
 - Level 24.0 Armour
 + Level 9.3 Dodging
 - Level 1.5 Stealth
 + Level 16.6 Shields
 - Level 2.1 Spellcasting
 - Level 0.6 Conjurations
 - Level 0.6 Summonings
 - Level 0.6 Translocations
 - Level 12.0 Invocations
 - Level 10.0 Evocations


You had 22 spell levels left.
You knew the following spells:

 Your Spells              Type           Power      Damage    Failure   Level
a - Magic Dart            Conj           8%         1d3       63%         1

Your spell library contained the following spells:

 Spells                   Type           Power      Damage    Failure   Level
 Apportation              Tloc           4%         N/A       63%         1
 Shock                    Conj/Air       4%         1d3       67%         1
 Sting                    Conj/Alch      4%         1d3       67%         1
 Necrotise                Necr           4%         1d4       71%         1
 Sandblast                Erth           2%         2d4       71%         1
 Slow                     Hex            4%         N/A       71%         1
 Blink                    Tloc           4%         N/A       77%         2
 Call Imp                 Summ           4%         N/A       77%         2
 Cigotuvi's Dreadful Rot  Necr/Alch/Air  2%         N/A       85%         2
 Jinxbite                 Hex            2%         N/A       85%         2
 Mercury Vapours          Alch/Air       2%         N/A       85%         2
 Stone Arrow              Conj/Erth      2%         3d7       95%         3
 Summon Ice Beast         Ice/Summ       1%         N/A       95%         3
 Volatile Blastmotes      Fire/Tloc      2%         2d10      95%         3
 Mephitic Cloud           Conj/Alch/Air  1%         N/A       96%         3
 Fugue of the Fallen      Necr           1%         N/A       97%         3
 Passwall                 Erth           1%         N/A       97%         3
 Sigil of Binding         Hex            1%         N/A       97%         3
 Swiftness                Air            1%         N/A       97%         3
 Vampiric Draining        Necr           1%         2d6       97%         3
 Airstrike                Air            0%         2d(1-17)  100%        4
 Animate Armour           Summ/Erth      2%         N/A       100%        4
 Brom's Barrelling Bould  Conj/Erth      1%         2d3       100%        4
 Cause Fear               Hex            0%         N/A       100%        4
 Fulminant Prism          Conj/Alch      0%         3d5       100%        4
 Ignite Poison            Fire/Alch      1%         N/A       100%        4
 Iskenderun's Mystic Bla  Conj/Tloc      2%         2d3       100%        4
 Martyr's Knell           Necr/Summ      1%         N/A       100%        4
 Olgreb's Toxic Radiance  Alch           1%         N/A       100%        4
 Passage of Golubria      Tloc           2%         N/A       100%        4
 Vhi's Electric Charge    Tloc/Air       2%         N/A       100%        4
 Alistair's Intoxication  Alch           0%         N/A       100%        5
 Arcjolt                  Conj/Air       0%         1d10      100%        5
 Borgnjor's Vile Clutch   Necr/Erth      0%         N/A       100%        5
 Curse of Agony           Necr           1%         N/A       100%        5
 Freezing Cloud           Conj/Ice/Air   0%         6-21      100%        5
 Lee's Rapid Deconstruct  Erth           0%         3d4*      100%        5
 Silence                  Hex/Air        0%         N/A       100%        5
 Summon Forest            Summ/Tloc      1%         N/A       100%        5
 Summon Mana Viper        Hex/Summ       1%         N/A       100%        5
 Eringya's Noxious Bog    Alch           0%         4d6       100%        6
 Sculpt Simulacrum        Ice/Alch       0%         N/A       100%        6
 Monstrous Menagerie      Summ           1%         N/A       100%        7
 Ozocubu's Refrigeration  Ice            0%         4d7       100%        7
 Spellforged Servitor     Conj/Summ      1%         N/A       100%        7
 Summon Hydra             Summ           1%         N/A       100%        7
 Infestation              Necr           0%         N/A       100%        8
 Lehudib's Crystal Spear  Conj/Erth      0%         10d2      100%        8
 Maxwell's Capacitive Co  Air            0%         ∞         100%        8
 Polar Vortex             Ice            0%         N/A       100%        9


Dungeon Overview and Level Annotations

Branches:
Dungeon (15/15)            Temple (1/1) D:6            Lair (5/5) D:9
 Shoals (4/4) Lair:3        Snake (4/4) Lair:2        Slime (0/5) Lair:4
    Orc (2/2) D:12            Elf (0/3) Orc:2        Vaults (4/5) D:14
  Crypt (0/3) Vaults:3     Depths (0/4) D:15          Sewer (visited)
 Bailey (visited)          WizLab (1/1)

Altars:
Ashenzari
Cheibriados
Dithmenos
Elyvilon
Fedhas
Gozag
Hepliaklqana
Kikubaaqudgha
Makhleb
Nemelex Xobeh
Okawaru
Qazlal
Ru
Sif Muna
Trog
Uskayaw
Vehumet
Wu Jian
Xom
Yredelemnul
Zin
The Shining One
Jiyva

Shops:
D:9 [(!(?   D:13 [   Orc:2 ??[?   Shoals:2 *   Shoals:3 [   Vaults:2 :

Annotations:
D:5 exclusion: downstairs
Lair:1 exclusion: downstairs
Lair:2 exclusion: oklob plant
Snake:2 6 transporters
Snake:3 3 runed translucent doors, Kimmuar's ghost, adept GrEE
Orc:1 1 runed translucent door, exclusion: 4 orange crystal statues


Innate Abilities, Weirdness & Mutations

Your life essence is reduced to manifest your ancestor. (-10% HP)
You have a pair of horns on your head.
You reflexively headbutt those who attack you in melee.


Message History

Saprim seems to speed up.
You puncture the dread lich! Your headbutt misses the dread lich.
The dread lich is heavily damaged.
The sun demon closely misses Saprim.
Saprim hits the dread lich with a +0 lajatang of freezing!
You hit the dread lich but do no damage.
Your headbutt misses the dread lich.
The dread lich is severely damaged.
The dread lich completely misses you.
You hit the dread lich. You headbutt the dread lich.
The dread lich is severely damaged.
Saprim gestures at the dread lich while chanting.
The stone arrow hits the dread lich!!
The sun demon hits Saprim!!
Saprim is engulfed in flames!
Saprim resists.
The dread lich gestures wildly while chanting.
The dread lich seems to speed up.
You hit the dread lich.
The dread lich is almost destroyed.
Saprim hits the dread lich but does no damage.
The sun demon hits Saprim!
Saprim is engulfed in flames!
Saprim resists.
Saprim is destroyed!
The dread lich shouts!
You impale the dread lich!!
You destroy the dread lich!
Tiorun the Hellbinder comes into view.
He is wielding the +6 Majin-Bo {spellvamp, MP+6 Int+6}.
You impale the sun demon!!
The sun demon is moderately wounded.
You puncture the sun demon! You headbutt the sun demon!
The sun demon is almost dead.
You block the sun demon's attack.
You impale the sun demon!!
You kill the sun demon!
As you read the scroll of teleportation, it crumbles to dust.
You feel strangely unstable.
Tiorun points at you and mumbles some strange words.
The sphere of damnation explodes!
The damnation engulfs you!!!
You die...
Hepliaklqana delivers you to your ancestors.

≣≣#'''#≣≣
≣≣≣.....≣≣≣
≣.........≣≣≣
.............≣≣
..............≣≣
....#####......≣
...░
ß⌠ß#░.....≣≣ ..#
....##.....≣
.....§.§@§.≣≣
L.....§.§§..≣
.....§§§§§..≣
.....§.§.§..≣
....##@..§...≣
ßωß# .......|≣
#░# .......([≣
.......}[=ß≣


≣≣≣≣≣≣≣≣≣≣≣≣≣ You could see Tiorun the Hellbinder.

Vanquished Creatures
  A dread lich (WizLab)
  Bai Suzhen (Shoals:4)
  A hellephant (WizLab)
  A lich (Vaults:2)
  3 sphinxes
  A kraken (Shoals:4)
  A tengu reaver (Vaults:3)
  Ilsuiw (Shoals:2)
  6 vault wardens
  6 nagarajas (Snake:4)
  3 orc warlords
  2 cacodemons (WizLab)
  18 ironbound preservers
  A formless jellyfish (Vaults:2)
  5 ironbound thunderhulks
  2 dire elephants (Vaults:2)
  A deep elf annihilator (Shoals:2)
  2 lorocyprocas (WizLab)
  Azrael (D:12)
  A war gargoyle (Vaults:1)
  3 merfolk javelineers
  Snorg (Lair:3)
  A blizzard demon (WizLab)
  A green death (WizLab)
  A jiangshi (Vaults:3)
  7 merfolk impalers
  An entropy weaver (Vaults:2)
  4 yaktaur captains
  A great orb of eyes (Vaults:1)
  12 vault guards
  6 ironbound frosthearts
  4 salamander tyrants (Snake:4)
  4 hydras
  2 peacekeepers
  2 catoblepae
  A merfolk avatar (Shoals:3)
  14 centaur warriors
  4 merfolk aquamancers
  2 ogre magi (Orc:2)
  A deep troll shaman (Lair:5)
  12 anacondas
  4 boulder beetles
  A death knight (Vaults:3)
  12 two-headed ogres
  2 satyrs
  2 tengu warriors (D:13)
  2 alligator snapping turtles
  11 death yaks
  An orc high priest (Orc:1)
  10 naga warriors
  18 naga sharpshooters
  A soul eater (WizLab)
  10 shock serpents
  A deep elf knight (Shoals:2)
  2 sun demons (WizLab)
  Nergalle (Lair:3)
  5 skysharks
  2 salamander mystics (Snake:4)
  Lodul (D:14)
  5 sea snakes
  A flayed ghost (Vaults:3)
  8 mana vipers
  A phantasmal warrior (Vaults:3)
  A deep elf archer (Shoals:2)
  7 ironbound convokers
  5 arcanists
  4 lindwurms
  A naga ritualist (Snake:1)
  Pikel (D:6)
  7 harpies
  34 deep trolls
  11 orc knights
  A deep elf zephyrmancer (Shoals:2)
  2 deep elf pyromancers
  2 necromancers
  5 fauns (Shoals:3)
  2 orc sorcerers (Orc:2)
  26 ugly things
  9 manticores
  5 cyclopes
  6 water nymphs
  12 salamanders
  8 guardian serpents
  24 black mambas
  6 merfolk sirens
  A kobold blastminer (Orc:2)
  11 elephants
  Joseph (D:6)
  9 vault sentinels
  7 naga magi
  A gargoyle (D:12)
  A komodo dragon (shapeshifter) (D:14)
  2 rime drakes
  A hellion (WizLab)
  13 cane toads
  An efreet (D:15)
  Jeremiah (D:6)
  2 freezing wraiths
  3 komodo dragons
  14 yaktaurs
  2 tormentors (WizLab)
  22 merfolk
  2 tengu conjurers (D:13)
  A red devil (WizLab)
  14 trolls
  A hellwing (WizLab)
  4 wind drakes
  A polar bear (Lair:5)
  A tarantella (Vaults:2)
  2 hornets
  Prince Ribbit (D:8)
  26 blink frogs
  10 snapping turtles
  A snapping turtle (shapeshifter) (Vaults:1)
  7 dream sheep
  17 slime creatures
  2 centaur simulacra
  37 yaks
  A wraith (D:11)
  A spriggan (D:10)
  A vampire (D:11)
  3 fire elementals (D:12)
  3 humans (D:14)
  4 water elementals (Shoals:2)
  A wyvern (Lair:5)
  A shadow (D:11)
  4 hogs (D:12)
  A warg (Orc:2)
  Eustachio (D:6)
  A redback (Vaults:2)
  4 vampire mosquitoes
  31 nagas
  A hell hound (D:12)
  Duvessa (D:6)
  13 water moccasins
  Pargi (Sewer)
  26 orc warriors
  An ice beast (D:5)
  A sky beast (D:6)
  3 black bears
  27 ogres
  18 wolves
  21 centaurs
  5 boggarts
  4 phantoms
  Blork the orc (D:6)
  A human zombie (Vaults:2)
  16 bullfrogs
  A brain worm (Sewer)
  3 gnoll sergeants
  A scorpion (D:5)
  18 wights
  Dowan (D:6)
  5 killer bees (D:9)
  2 electric eels
  4 howler monkeys
  7 jellies
  5 crimson imps
  A hound (shapeshifter) (D:14)
  7 hounds
  2 gnoll boudas
  10 orc priests
  Terence (D:3)
  2 sleepcaps
  15 orc wizards
  32 gnolls
  7 adders
  4 white imps
  2 ufetubi (D:5)
  A ribbon worm (D:3)
  3 dart slugs
  54 orcs
  6 ball pythons
  7 endoplasms
  5 giant cockroaches
  10 goblins
  10 hobgoblins
  3 jackals (D:3)
  9 kobolds
  3 quokkas
  6 bats
  3 frilled lizards
  3 rats
  3 tentacles (Shoals:4)
1094 creatures vanquished.

Vanquished Creatures (collateral kills)
  Jorgrun (Shoals:3)
  A sphinx (Vaults:1)
  Agnes (Snake:2)
  Polyphemus (Shoals:3)
  Kirke (D:12)
  5 vault wardens
  2 ironbound preservers
  A formless jellyfish (Shoals:2)
  3 ironbound thunderhulks (Vaults:3)
  A dire elephant (Vaults:2)
  A merfolk javelineer (Shoals:4)
  2 ettins
  A great orb of eyes (Vaults:2)
  3 vault guards
  4 yaktaur captains
  Erolcha (D:10)
  4 hydras
  6 anacondas
  An alligator snapping turtle (Shoals:2)
  A merfolk avatar (Shoals:4)
  Erica (D:9)
  An ironbound frostheart (Vaults:2)
  2 merfolk aquamancers (Shoals:4)
  A centaur warrior (Vaults:3)
  A satyr (Shoals:3)
  An orc high priest (Orc:1)
  2 death yaks (Shoals:3)
  2 two-headed ogres
  A shock serpent (Snake:3)
  A naga sharpshooter (Snake:4)
  6 naga warriors
  4 soul eaters (WizLab)
  Amaemon (Lair:3)
  2 sixfirhies (WizLab)
  9 deep trolls
  2 sea snakes (Shoals:4)
  4 naga ritualists
  3 arcanists
  3 mana vipers
  A lindwurm (Vaults:1)
  An orc knight (Vaults:2)
  A deep elf pyromancer (Shoals:2)
  3 harpies
  4 ironbound convokers
  2 necromancers (D:15)
  2 fauns
  8 ugly things
  6 manticores
  6 salamanders
  3 cyclopes
  2 vault sentinels
  A guardian serpent (Snake:4)
  2 merfolk sirens
  5 elephants
  8 black mambas
  3 naga magi
  2 rust devils (WizLab)
  2 smoke demons (WizLab)
  A gargoyle (D:13)
  A hellion (WizLab)
  3 water nymphs
  2 cane toads
  2 orange demons
  A rime drake (Lair:5)
  A human zombie (Vaults:2)
  6 komodo dragons
  3 yaktaurs (Vaults:3)
  A red devil (WizLab)
  9 merfolk
  A wind drake (Shoals:3)
  2 polar bears
  A dream sheep (Shoals:2)
  5 blink frogs
  3 snapping turtles
  4 slime creatures
  A human simulacrum (Vaults:2)
  3 water elementals
  A shadow (D:9)
  2 wyverns
  A fire elemental (D:12)
  A hog (D:12)
  16 yaks
  4 humans (D:14)
  A vampire mosquito (D:11)
  A redback (Vaults:2)
  13 nagas
  5 water moccasins
  A hell hound (D:12)
  3 orc warriors
  3 ogres
  3 boggarts
  4 centaurs
  3 wolves
  3 bullfrogs
  A wight (D:10)
  4 orc priests
  2 jellies (Lair:4)
  6 orc wizards
  A gnoll (D:10)
  11 orcs
290 creatures vanquished.

Vanquished Creatures (others)
  A lorocyproca (WizLab)
  A vault guard (D:14)
  A deep troll (Vaults:3)
  A harpy (Shoals:3)
  A smoke demon (WizLab)
  A hellwing (WizLab)
  A hell hound (D:12)
  6 ancestors
  34 battlemagi
  4 tentacles (Shoals:4)
51 creatures vanquished.

Grand Total: 1435 creatures vanquished

Notes
Turn   | Place    | Note
-------+----------+-------------------------------------------
     0 | D:1      | Kenran the Minotaur Hedge Wizard began the quest for the
                  | Orb.
     0 | D:1      | Reached XP level 1. HP: 14/14 MP: 2/2
   103 | D:1      | Reached skill level 1 in Fighting
   192 | D:1      | Reached XP level 2. HP: 22/24 MP: 4/4
   539 | D:1      | Reached XP level 3. HP: 30/31 MP: 5/5
   704 | D:1      | Found a faded altar of an unknown god.
   878 | D:2      | You fall into a shaft and drop 1 floor!
   989 | D:3      | Noticed a phantom
   999 | D:3      | Killed a phantom
  1000 | D:3      | Reached skill level 5 in Fighting
  1000 | D:3      | Reached XP level 4. HP: 42/42 MP: 6/6
  1143 | D:3      | Reached XP level 5. HP: 38/49 MP: 7/7
  1147 | D:3      | Reached skill level 1 in Polearms
  1948 | D:3      | Found the +10 Black Knight's barding {ponderous, rPois rN+}
  1978 | D:3      | Noticed Terence
  1985 | D:3      | Killed Terence
  2059 | D:3      | Reached XP level 6. HP: 56/56 MP: 8/8
  2218 | D:4      | Reached skill level 5 in Polearms
  2890 | D:5      | Entered Level 5 of the Dungeon
  3128 | D:5      | Found a shimmering blue altar of Sif Muna.
  3249 | D:5      | Reached XP level 7. HP: 55/61 MP: 9/9
  3421 | D:5      | Found a glowing drain.
  3430 | Sewer    | Entered a sewer
  3444 | Sewer    | Noticed Pargi
  3464 | Sewer    | Killed Pargi
  3478 | Sewer    | Identified the +1 shortbow "Naonum" {flame, *Corrode rPois
                  | rF+ rN+ Dex+3}
  4088 | D:5      | Reached XP level 8. HP: 55/69 MP: 10/10
  4238 | D:6      | Noticed Blork the orc
  4287 | D:5      | Reached skill level 10 in Polearms
  4681 | D:6      | Killed Blork the orc
  4811 | D:6      | Noticed Pikel
  4832 | D:6      | Killed Pikel
  4833 | D:6      | Reached skill level 1 in Armour
  5025 | D:6      | Reached XP level 9. HP: 41/75 MP: 11/11
  5054 | D:6      | Noticed Dowan
  5069 | D:6      | Killed Dowan
  5415 | D:6      | Noticed Duvessa
  5429 | D:6      | Killed Duvessa
  5548 | D:6      | Noticed Jeremiah
  5596 | D:6      | HP: 1/69 [Jeremiah/divine providence (13)]
  5606 | D:6      | Killed Jeremiah
  6061 | D:6      | Noticed Eustachio
  6078 | D:6      | Killed Eustachio
  6260 | D:6      | Found a staircase to the Ecumenical Temple.
  6642 | Temple   | Entered the Ecumenical Temple
  6664 | Temple   | Became a worshipper of Hepliaklqana the Forgotten
  6715 | D:7      | Noticed Joseph
  6728 | D:6      | Killed Joseph
  6729 | D:6      | Reached skill level 5 in Armour
  7058 | D:7      | Reached XP level 10. HP: 88/88 MP: 12/12
  7556 | D:8      | Found a shimmering altar of Xom.
  7597 | D:8      | Noticed a two-headed ogre
  7611 | D:8      | Killed a two-headed ogre
  7718 | D:8      | Noticed Prince Ribbit
  7723 | D:8      | Killed Prince Ribbit
  7823 | D:8      | Reached skill level 10 in Fighting
  8000 | D:8      | Found a basalt altar of Yredelemnul.
  8016 | D:8      | Found a stormy altar of Qazlal.
  8023 | D:8      | Found a bloodstained altar of Trog.
  8023 | D:8      | Found a glowing silver altar of Zin.
  8235 | D:8      | Reached * piety under Hepliaklqana
  8452 | D:8      | Identified the +12 quarterstaff of Dawn {freeze, +Blink rN+
                  | Int+4}
  8738 | D:9      | Found Utophufa's Magic Scroll Emporium.
  8742 | D:9      | Bought a scroll of identify for 30 gold pieces
  8742 | D:9      | Bought a scroll of identify for 30 gold pieces
  8824 | D:9      | Found a flagged portal.
  8829 | D:9      | Noticed Erica
  8843 | D:9      | Killed Erica
  8844 | D:9      | Reached XP level 11. HP: 33/93 MP: 13/13
  9007 | Bailey   | Entered a bailey
  9164 | Bailey   | Noticed an orc knight
  9205 | Bailey   | Killed an orc knight
  9527 | D:9      | Noticed a two-headed ogre
  9538 | D:9      | Killed a two-headed ogre
  9539 | D:9      | Reached skill level 10 in Armour
  9573 | D:9      | Found a staircase to the Lair.
  9683 | D:9      | Found Huper's Antique Armour Shop.
  9691 | D:9      | Bought a pair of runed gloves for 240 gold pieces
  9724 | D:9      | Found Xajobiol's Antique Weapon Shop.
  9746 | D:9      | Found Lokieceg's Distillery.
  9749 | D:9      | Bought 2 potions of heal wounds for 130 gold pieces
  9749 | D:9      | Bought a potion of might for 52 gold pieces
  9749 | D:9      | Bought a potion of haste for 130 gold pieces
  9781 | D:9      | Found Jocoji's Antique Weapon Emporium.
 10170 | D:9      | Reached ** piety under Hepliaklqana
 10171 | D:9      | Remembered your ancestor Saprim as a battlemage
 10427 | D:10     | Entered Level 10 of the Dungeon
 10457 | D:10     | Noticed Erolcha
 10457 | Abyss:2  | Cast into level 2 of the Abyss (Erolcha)
 10472 | D:10     | Escaped the Abyss
 10485 | D:10     | Killed Erolcha
 10709 | D:10     | Noticed a two-headed ogre
 10715 | D:10     | Killed a two-headed ogre
 10716 | D:10     | Reached skill level 5 in Shields
 10716 | D:10     | Noticed a two-headed ogre
 10726 | D:10     | Killed a two-headed ogre
 10748 | D:10     | Reached skill level 1 in Invocations
 10974 | D:10     | Got Jemyhuur's Octavo of the Variable Missiles
 11198 | D:10     | Reached XP level 12. HP: 100/100 MP: 14/14
 11435 | Lair:1   | Entered Level 1 of the Lair of Beasts
 11605 | Lair:1   | Reached skill level 5 in Invocations
 11662 | Lair:1   | Reached *** piety under Hepliaklqana
 12070 | Lair:2   | Found a staircase to the Snake Pit.
 12436 | Lair:2   | Noticed a six-headed hydra
 12443 | Lair:2   | Killed a six-headed hydra
 12639 | Lair:2   | Noticed a seven-headed hydra
 12646 | Lair:2   | Killed a seven-headed hydra
 12944 | Lair:2   | Reached XP level 13. HP: 87/109 MP: 18/18
 13467 | Lair:3   | Reached **** piety under Hepliaklqana
 13542 | Lair:3   | Reached skill level 10 in Shields
 14063 | Lair:3   | Noticed Snorg
 14071 | Lair:3   | Killed Snorg
 14072 | Lair:3   | Reached skill level 15 in Fighting
 14086 | Lair:3   | Found a staircase to the Shoals.
 14317 | Lair:3   | Identified a scroll of acquirement
 14318 | Lair:3   | Acquired the +9 plate armour of Wrong Decisions {rF+ Dex+3}
 14401 | Lair:3   | Noticed Nergalle
 14406 | Lair:3   | Killed Nergalle
 14473 | Lair:3   | Noticed Amaemon
 14485 | Lair:3   | Killed Amaemon
 14770 | Lair:4   | Found a viscous altar of Jiyva.
 14783 | Lair:4   | Found a staircase to the Slime Pits.
 15092 | Lair:4   | Identified the +6 flail "Bosurr" {pain, rPois Str+3}
 15147 | Lair:4   | Reached ***** piety under Hepliaklqana
 15150 | Lair:4   | Reached skill level 5 in Dodging
 15757 | Lair:5   | Entered Level 5 of the Lair of Beasts
 15817 | Lair:4   | Reached XP level 14. HP: 66/123 MP: 19/19
 17257 | Lair:5   | Got the Incunabulum of Sinister Magicks and Apparitions
 17664 | D:11     | Acquired a +2 demon trident of draining
 17668 | D:11     | Acquired the +0 hat of Neavicwu {Rampage rC+ Str+4 Stlth-}
 17759 | D:11     | Found a glowing silver altar of Zin.
 17891 | D:11     | Identified the +1 robe "Nirgh" {rPois rF+}
 18007 | D:12     | Noticed Kirke
 18033 | D:12     | Killed Kirke
 18153 | D:12     | Found a staircase to the Orcish Mines.
 18309 | D:12     | Noticed Azrael
 18319 | D:12     | Killed Azrael
 19428 | D:13     | Reached XP level 15. HP: 139/139 MP: 20/20
 19632 | D:13     | Found Foar's Armour Emporium.
 19805 | D:14     | Reached ****** piety under Hepliaklqana
 19809 | D:14     | Noticed Lodul
 19829 | D:14     | Killed Lodul
 19908 | D:14     | Reached skill level 15 in Armour
 19926 | D:14     | Found a gate to the Vaults.
 20305 | D:14     | Found a stormy altar of Qazlal.
 20426 | D:14     | Reached skill level 10 in Invocations
 20457 | D:15     | Entered Level 15 of the Dungeon
 21040 | D:15     | Found a staircase to the Depths.
 21523 | D:9      | Bought a pair of boots for 144 gold pieces
 21686 | Orc:1    | Entered Level 1 of the Orcish Mines
 21937 | Orc:1    | Found a runed translucent door.
 21970 | Orc:1    | Found the +10 tower shield of Ignorance {rN+ Int-4}
 21996 | Orc:1    | Found a runed translucent door.
 22348 | Orc:2    | Entered Level 2 of the Orcish Mines
 22473 | Orc:2    | Found a staircase to the Elven Halls.
 22681 | Orc:2    | Found Saronoc's Magic Scroll Boutique.
 22690 | Orc:2    | Found Uppetisk's Magic Scroll Emporium.
 22767 | Orc:2    | Reached XP level 16. HP: 96/145 MP: 24/24
 22814 | Orc:2    | Found Guusiug's Magic Scroll Shop.
 22959 | Orc:2    | Bought a scroll of butterflies for 72 gold pieces
 22964 | Orc:2    | Bought a scroll of enchant weapon for 105 gold pieces
 22978 | Orc:2    | Found Eseskug's Armour Boutique.
 22981 | Orc:2    | Bought a scroll of enchant weapon for 97 gold pieces
 22981 | Orc:2    | Bought a scroll of enchant weapon for 97 gold pieces
 23307 | Snake:1  | Entered Level 1 of the Snake Pit
 23366 | Snake:1  | Reached skill level 15 in Polearms
 24550 | D:13     | Bought a +3 plate armour of poison resistance for 714 gold
                  | pieces
 24839 | Snake:1  | Identified the blade talisman of Exclusion {Will+ MP+9}
 25414 | Snake:1  | Found a shimmering blue altar of Sif Muna.
 25511 | Snake:2  | Found a transporter.
 25517 | Snake:2  | Found a transporter.
 25706 | Snake:2  | Noticed Agnes
 25714 | Snake:2  | Killed Agnes
 25819 | Snake:2  | Found a transporter.
 25874 | Snake:2  | Found a transporter.
 25918 | Snake:2  | Found a transporter.
 25921 | Snake:2  | Found a transporter.
 25932 | Snake:2  | Identified the +7 halberd of Disorder {elec, rElec rCorr
                  | Int+4 Dex-4}
 26019 | Snake:2  | Got the Incunable of Algor and Malisons
 26039 | Snake:2  | Identified the +9 dagger of Ru's Vengeance {flame, rC+}
 26976 | Snake:3  | Noticed Kimmuar's ghost (adept GrEE)
 27054 | Snake:3  | Found a runed translucent gate.
 27054 | Snake:3  | Found a runed translucent gate.
 27055 | Snake:3  | Found a runed translucent gate.
 27190 | Snake:3  | Identified the +6 rapier "Ojaivist" {heavy, ^Drain *Slow
                  | rElec rCorr}
 27311 | Snake:3  | Reached XP level 17. HP: 133/153 MP: 25/25
 27430 | Snake:4  | Entered Level 4 of the Snake Pit
 28871 | Snake:4  | Reached skill level 15 in Shields
 29252 | Snake:4  | Identified the ring "Fyruh" {rPois AC+4 Str+3}
 29418 | Snake:4  | Found an iron altar of Okawaru.
 29482 | Snake:4  | Got a serpentine rune of Zot
 29979 | Shoals:1 | Entered Level 1 of the Shoals
 30628 | Shoals:2 | Noticed Ilsuiw
 30662 | Shoals:2 | Killed Ilsuiw
 30977 | Shoals:2 | Found Xurudofu's CLEARANCE SALE!.
 31117 | Shoals:2 | Reached XP level 18. HP: 152/163 MP: 26/26
 31283 | Shoals:2 | Got the Parchment of Snowy Stones
 32257 | Shoals:3 | Noticed Polyphemus
 32512 | Shoals:3 | Killed Polyphemus
 32899 | Shoals:3 | Found Echul's Armour Shop.
 33176 | Shoals:3 | Noticed Jorgrun
 33189 | Shoals:3 | Killed Jorgrun
 33371 | Shoals:4 | Entered Level 4 of the Shoals
 33420 | Shoals:4 | Noticed Bai Suzhen
 33447 | Shoals:4 | Killed Bai Suzhen
 33663 | Shoals:4 | Got a barnacled rune of Zot
 33988 | Shoals:4 | Reached skill level 1 in Evocations
 34830 | Vaults:1 | Entered Level 1 of the Vaults
 34837 | Vaults:1 | Reached skill level 5 in Evocations
 34995 | Vaults:1 | Reached XP level 19. HP: 164/178 MP: 27/27
 35554 | Vaults:1 | Paralysed by a sphinx for 2 turns
 35901 | Vaults:1 | Identified the +5 spear of Non Obstante Veredicto {spect,
                  | rF+ MP+9 Str-3 Int+3}
 35905 | Vaults:1 | Identified the staff "Hellblazer" {Int+3 Conj}
 36056 | Vaults:1 | Identified the ring of Efeidox {rF- Will+ Str+3 Dex+6}
 36059 | Vaults:1 | Identified the +12 dagger of Leangoj {freeze, Str+3}
 36175 | Vaults:2 | Reached skill level 10 in Evocations
 37217 | Vaults:2 | Found Dasoceudunn's Book Emporium.
 37881 | Vaults:3 | Reached XP level 20. HP: 171/185 MP: 28/28
 39530 | Vaults:3 | Found a staircase to the Crypt.
 39928 | Vaults:4 | Found a magical portal.
 39937 | WizLab   | Entered The Hall of the Hellbinder
 40537 | WizLab   | Found a burning altar of Makhleb.
 40549 | WizLab   | Noticed a dread lich
 40568 | WizLab   | Killed a dread lich
 40568 | WizLab   | Noticed Tiorun
 40573 | WizLab   | Killed from afar by Tiorun the Hellbinder

Illustrated notes

Levels and vault maps discovered:
D:1:      lightli_arrival_noodles, layout_loops_ring,
          hellmonk_ecumenical_altar_prayer_group, minmay_box_of_dots
D:2:      layout_rooms, minmay_tripent
D:3:      layout_loops_ring, uniq_terence
D:4:      layout_basic, hangedman_decor_diamond_cutter, minivault_23
D:5:      layout_gridville, nicolae_overflow_crystal_walls, portal_sewer_entry_d
D:6:      layout_layer_cave, minmay_temple_entry_large_hall,
          minmay_fire_ice_demons, uniq_pikel, uniq_jeremiah, uniq_blork_the_orc,
          uniq_duvessa, uniq_eustachio
D:7:      layout_basic, uniq_joseph
D:8:      layout_loops_corners, grunt_temple_overflow_open, led_xom_imps,
          uniq_prince_ribbit1
D:9:      layout_basic, erik_lair_island, enter_bailey_4, serial_shops,
          nicolae_shop_window_shopping, shop, nicolae_shop_tiny_statue_garden,
          shop, nicolae_shop_stone, serial_co_window_serial, co_window_corner_a,
          co_window_paths_b, co_window_corner_a, co_window_corner_a,
          co_window_corner_a, co_window_paths_a, co_window_paths_a,
          co_window_broadway_b, co_window_corner_b, co_window_paths_e,
          co_window_paths_d, glass_columns_c, minmay_fractal_squares_diagonal_5,
          uniq_erica
D:10:     layout_loops_ring, the_hattery, uniq_erolcha
D:11:     layout_gridville, zin_academy
D:12:     layout_cave_pools, orc_0_dummy, uniq_kirke, uniq_azrael
D:13:     layout_basic, serial_shops, kennysheep_mini, serial_corexii_hall,
          corexii_hall_statues_x, chequers_hall_statues_y,
          chequers_hall_statues_y, minivault_20
D:14:     layout_roguey, ximxim_vaults_locker_room,
          nicolae_qazlal_style_of_elements, uniq_lodul
D:15:     hangedman_depths_entry_civil_slaughter, layout_irregular_city,
          skrybe_limestone_x
Temple:   nicolae_temple_elliptical
Lair:1:   layout_chaotic_city, infiniplex_staircase_pool
Lair:2:   layout_gridlike, minmay_snake_entry_guardpost_small,
          minmay_shattered_shrine
Lair:3:   layout_cave_pods, elwin_shoals_entry_stream,
          chequers_serial_rivers_micro_e, kilobyte_rumbling_trees, uniq_amaemon,
          uniq_nergalle, uniq_snorg
Lair:4:   layout_long_grid, nicolae_slime_entry_field_trip, st_stairs_13,
          minmay_holes, serial_bayou_crossing, serial_bayou_shore_b,
          grunt_megastairs_2
Lair:5:   grunt_lair_end_beastmaster, layout_cave_pods, grunt_megastairs_5
Shoals:1: layout_shoals, nicolae_shoals_shepherds
Shoals:2: nicolae_shoals_deep_elves_summer_vacation, layout_shoals,
          nicolae_shop_clearance, uniq_ilsuiw
Shoals:3: layout_shoals, serial_shops, nicolae_shop_scrapyard,
          nicolae_shoals_the_drawing_of_the_three, uniq_polyphemus, uniq_jorgrun
Shoals:4: shoals_end_simple, layout_shoals, uniq_bai_suzhen
Snake:1:  layout_onion_interference, serial_library_hellmonk_statue_hall
Snake:2:  layout_chambers, corexii_hall_statues_s, serial_nicolae_subway,
          nicolae_sub_station_crystal, nicolae_sub_station_stone,
          nicolae_sub_station_metal, uniq_agnes
Snake:3:  layout_rooms, gammafunk_ghost_split
Snake:4:  grunt_snake_rune_serpentine_throne, layout_grid_shapes, drop_trap,
          nicolae_snake_gridmaze_spiral
Orc:1:    layout_caves, statue_in_the_mist_lemuel,
          chequers_guarded_unrand_ignorance
Orc:2:    st_orc_open, layout_diamond_mine
Vaults:1: nicolae_vaults_yaktaur_gun_rack, v_alt_pattern_4,
          vaults_room_fancy_cross, v_rooms_5, nicolae_vaults_alarming,
          hangedman_vaults_pinch, nicolae_vaults_storing_the_good_stuff,
          v_misc_16, nicolae_vaults_double_plus_1,
          nicolae_vaults_trapezoid_layered, nicolae_vaults_closet_pinwheel_5,
          vaults_room_hallway, layout_vaults_big_cross
Vaults:2: nicolae_vaults_diamond_2, hangedman_vaults_variations,
          nicolae_vaults_closet_pinwheel_5, hangedman_vaults_corner,
          nicolae_vaults_six-pack, hangedman_vaults_stitches,
          nicolae_vaults_stairing_the_circle, nicolae_vaults_double_plus_3,
          nicolae_vaults_surprise_closet_hard,
          nicolae_vaults_trapezoid_lopsided_3,
          nicolae_vaults_variable_pillar_hall, vaults_room_large_hall,
          ontoclasm_vaults_gateway, nicolae_vaults_variable_pillar_hall,
          layout_vaults_maze_bifur, serial_shops, nicolae_shop_tiny_glass
Vaults:3: nicolae_vaults_closet_pinwheel_3, nicolae_vaults_network_s,
          ontoclasm_vaults_ligature, nicolae_vaults_lightning_bolt,
          minmay_crypt_entry_simple_walls, nicolae_vaults_what_the_h,
          hangedman_vaults_stream, nicolae_vaults_offset_grid_hallway_3,
          v_pattern_1, vaults_dpeg_cross, hangedman_vaults_maws,
          vaults_dpeg_ring, nicolae_vaults_diamond_1, grunt_vaults_hallway_long,
          layout_vaults_ring
Vaults:4: mu_enter_wizlab_3, vaults_standard_mumra_enter_the_diamond,
          nicolae_vaults_trapezoid_layered, nicolae_vaults_hallways_thing,
          nicolae_vaults_network_quinsquares
          [nicolae_vaults_network_quincunx_subvault,
          nicolae_vaults_network_quincunx_subvault,
          nicolae_vaults_network_quincunx_subvault,
          nicolae_vaults_network_quincunx_subvault], layout_vaults_quadrants,
          uniq_norris
WizLab:   wizlab_demon

Skill      XL: |  1  2  3  4  5  6  7  8  9 10 11 12 13 14 15 16 17 18 19 20 |
---------------+-------------------------------------------------------------+-----
Fighting       | 2 3 5 6 8 12 13 16 20 21 24 | 24.0
Polearms       | 4 6 9 12 13 14 16 | 16.0
Armour         | 2 6 8 12 13 14 16 19 20 22 24 | 24.0
Shields        | 6 9 10 15 16 | 16.6
Invocations    | 4 8 12 | 12.0
Dodging        | 6 9 |  9.3
Evocations     | 6 10 | 10.0
Stealth        | |  1.5
Spellcasting   | |  2.1
Conjurations   | |  0.6
Summonings     | |  0.6
Translocations | |  0.6

Action                     |  1- 3 |  4- 6 |  7- 9 | 10-12 | 13-15 | 16-18 | 19-21 || total
---------------------------+-------+-------+-------+-------+-------+-------+-------++-------
  Melee: Trident           |    88 |   154 |   360 |   749 |   620 |       |       ||  1971
         Headbutt          |     8 |    18 |    65 |   126 |   311 |   192 |   223 ||   943
         Demon trident     |       |       |       |       |   621 |  1288 |   802 ||  2711
         Unarmed           |       |       |       |       |       |       |     3 ||     3
 Invoke: Recall Ancestor   |       |       |       |     2 |     1 |    10 |       ||    13
         Ancestor Life: Ba |       |       |       |     1 |       |       |       ||     1
         Idealise          |       |       |       |       |       |     1 |       ||     1
  Evoke: Wand              |       |       |       |     2 |       |     3 |       ||     5
    Use: Potion            |     1 |     1 |    10 |     1 |       |     2 |     4 ||    19
         Scroll            |       |     4 |     4 |     6 |    14 |    10 |     4 ||    42
   Stab: Sleeping          |     4 |     1 |       |       |       |       |       ||     5
         Distracted        |       |       |       |     2 |    19 |    17 |    11 ||    49
         Petrified         |       |       |       |       |     2 |       |       ||     2
 Armour: Robe              |    42 |       |       |       |       |       |       ||    42
         Ring mail         |     5 |    99 |       |       |       |       |       ||   104
         Plate armour      |       |       |   275 |   265 |   453 |   684 |   399 ||  2076
         Skin              |       |       |     9 |       |       |       |     2 ||    11
         Crystal plate arm |       |       |       |    92 |    95 |       |       ||   187
  Dodge: Dodged            |    41 |    91 |    80 |   120 |   420 |   623 |   327 ||  1702
  Block: Buckler           |       |       |       |    65 |   251 |   446 |   264 ||  1026

Table legend: (Time is in decaauts)
 A = Elapsed time spent in this place.
 B = Non-inter-level travel time spent in this place.
 C = Inter-level travel time spent in this place.
 D = Time resting spent in this place.
 E = Time spent auto-exploring this place.
 F = Levels seen in this place.
 G = Mean time per level.
                   A        B        C        D        E       F      G
               +--------+--------+--------+--------+--------+-----+--------+
         Total |  39411 |  36454 |   2957 |  10829 |  18000 |  39 | 1010.5 |
       Dungeon |  15213 |  13632 |   1581 |   2664 |   8049 |  15 | 1014.2 |
        Temple |     44 |      2 |     42 |      0 |      0 |   1 |   44.0 |
          Lair |   7028 |   6454 |    574 |   1956 |   3413 |   5 | 1405.6 |
        Shoals |   4742 |   4547 |    195 |   2016 |   1667 |   4 | 1185.5 |
     Snake Pit |   5069 |   4752 |    317 |   1938 |   1780 |   4 | 1267.2 |
  Orcish Mines |   1361 |   1278 |     83 |    191 |    763 |   2 |  680.5 |
        Vaults |   4833 |   4672 |    161 |   1624 |   2048 |   4 | 1208.2 |
         Abyss |     14 |     14 |      0 |      0 |      0 |   1 |   14.0 |
         Sewer |    132 |    132 |      0 |      0 |     70 |   1 |  132.0 |
        Bailey |    385 |    385 |      0 |    101 |    121 |   1 |  385.0 |
        Wizlab |    586 |    586 |      0 |    337 |     88 |   1 |  586.0 |
               +--------+--------+--------+--------+--------+-----+--------+

Top non-repeatable levels by time:
  Lair:2: 2322 daAuts
     D:6: 2164 daAuts
 Snake:4: 2083 daAuts
Shoals:2: 2055 daAuts
Vaults:3: 1880 daAuts
     D:9: 1838 daAuts
Vaults:1: 1545 daAuts
 Snake:2: 1484 daAuts
Vaults:2: 1309 daAuts
  Lair:3: 1308 daAuts
     D:5: 1260 daAuts
  Lair:4: 1258 daAuts
Shoals:4: 1243 daAuts
  Lair:5: 1168 daAuts
    D:14: 1142 daAuts
